TOP OF THE 1ST |
Tri-City ValleyCats batting - Pitching for Lowell Spinners : LHP Ken Berger
|
Pitching: LHP Ken Berger
|
|
Batting: RHB Omar Amaya
|
0-0: Called Strike 0-1: Ball 1-1: Foul Ball, location: 2F 1-2: Strikes out swinging
|
Batting: LHB Jackson Trottier
|
0-0: SINGLE (Flyball, 5D, EV 85.6 MPH)
|
Batting: RHB Erik Smith
|
0-0: Foul Ball, location: 2F 0-1: Foul Ball, location: 2F 0-2: Strikes out swinging
|
Batting: RHB Dinand Brouwer
|
0-0: Called Strike 0-1: Ball 1-1: Called Strike 1-2: Foul Ball, location: 2F 1-2: Foul Ball, location: 2F 1-2: Foul Ball, location: 2F 1-2: Hit by Pitch Jackson Trottier to second
|
Batting: RHB Steve Moore
|
0-0: Called Strike 0-1: Ball 1-1: Ball 2-1: Fielders Choice at 2nd, 6-4 (Groundball, 6, EV 98.8 MPH)
|
Top of the 1st over - 0 runs, 1 hit, 0 errors, 2 left on base; Tri-City 0 - Lowell 0 |
BOTTOM OF THE 1ST |
Lowell Spinners batting - Pitching for Tri-City ValleyCats : RHP Shitoshi Sai
|
Pitching: RHP Shitoshi Sai
|
|
Batting: RHB Aukukero Tairi
|
0-0: Foul Ball, location: 2F 0-1: Ball 1-1: Foul Ball, location: 2F 1-2: Fly out, F7 (Flyball, 78M, EV 95.6 MPH)
|
Batting: RHB Xavier Joslin
|
0-0: Ball 1-0: Swinging Strike 1-1: SINGLE (Groundball, 5D, EV 97.5 MPH)
|
Batting: SHB Salvador Padilla
|
0-0: Ball 1-0: DOUBLE (Line Drive, 8RXD, EV 105.6 MPH) Xavier Joslin to third Runner from 3rd tries for Home, SAFE, no throw by CF
|
Batting: RHB Tony Gallegos
|
0-0: Swinging Strike 0-1: Ball 1-1: Ball 2-1: Foul Ball, location: 2F 2-2: Ball 3-2: SINGLE (Groundball, 6MD, EV 95.0 MPH) Salvador Padilla to third Runner from 3rd tries for Home, SAFE, throw by CF to home
|
Batting: RHB Mario Arriero
|
0-0: Called Strike 0-1: Ball 1-1: Grounds out, U3 (Groundball, 3L, EV 108.1 MPH)
|
Batting: RHB Willie Camacho
|
0-0: Ball 1-0: Ground out 6-3 (Groundball, 6S, EV 88.1 MPH)
|
Bottom of the 1st over - 2 runs, 3 hits, 0 errors, 1 left on base; Tri-City 0 - Lowell 2 |
TOP OF THE 2ND |
Tri-City ValleyCats batting - Pitching for Lowell Spinners : LHP Ken Berger
|
Batting: LHB Tomas de Zeeuw
|
0-0: Ball 1-0: Called Strike 1-1: Foul Ball, location: 2F 1-2: Foul Ball, location: 2F 1-2: Strikes out looking
|
Batting: RHB Yoshitoshi Mori
|
0-0: Foul Ball, location: 2F 0-1: Ball 1-1: Called Strike 1-2: Strikes out looking
|
Batting: RHB J.R. Roberts
|
0-0: Ball 1-0: Ball 2-0: Called Strike 2-1: Ball 3-1: Base on Balls
|
Batting: LHB Omar Marquez
|
0-0: Foul Ball, location: 2F 0-1: Ball 1-1: Ball 2-1: SINGLE (Line Drive, 7S, EV 96.9 MPH) J.R. Roberts to second
|
Batting: RHB Omar Amaya
|
0-0: Called Strike 0-1: Ball 1-1: Ball 2-1: 3-RUN HOME RUN (Flyball, 78XD, EV 108.8 MPH), Distance : 409 ft
|
Batting: LHB Jackson Trottier
|
0-0: Called Strike 0-1: Ball 1-1: Foul Ball, location: 2F 1-2: Foul Ball, location: 2F 1-2: Strikes out swinging
|
Top of the 2nd over - 3 runs, 2 hits, 0 errors, 0 left on base; Tri-City 3 - Lowell 2 |
BOTTOM OF THE 2ND |
Lowell Spinners batting - Pitching for Tri-City ValleyCats : RHP Shitoshi Sai
|
Batting: RHB Mike Strey
|
0-0: Ground out 4-3 (Groundball, 34, EV 103.1 MPH)
|
Batting: LHB Robert Gonzalez
|
0-0: Called Strike 0-1: Called Strike 0-2: Ball 1-2: TRIPLE (Flyball, 7LD, EV 108.8 MPH)
|
Batting: RHB Rogelio Cervantes
|
0-0: Ball 1-0: Called Strike 1-1: Foul Ball, location: 2F 1-2: Ball 2-2: Ball 3-2: Strikes out swinging
|
Batting: RHB Aukukero Tairi
|
0-0: Ball 1-0: Ball 2-0: Ball 3-0: Called Strike 3-1: Called Strike 3-2: Base on Balls
|
Batting: RHB Xavier Joslin
|
0-0: Called Strike 0-1: Ball 1-1: Ball 2-1: Ball 3-1: Fly out, F9 (Flyball, 89S, EV 91.2 MPH)
|
Bottom of the 2nd over - 0 runs, 1 hit, 0 errors, 2 left on base; Tri-City 3 - Lowell 2 |
TOP OF THE 3RD |
Tri-City ValleyCats batting - Pitching for Lowell Spinners : LHP Ken Berger
|
Batting: RHB Erik Smith
|
0-0: Swinging Strike 0-1: Ball 1-1: Ball 2-1: Foul Ball, location: 2F 2-2: Strikes out swinging
|
Batting: RHB Dinand Brouwer
|
0-0: Called Strike 0-1: Foul Ball, location: 2F 0-2: Foul Ball, location: 2F 0-2: Strikes out swinging
|
Batting: RHB Steve Moore
|
0-0: Called Strike 0-1: Foul Ball, location: 2F 0-2: Strikes out swinging
|
Top of the 3rd over - 0 runs, 0 hits, 0 errors, 0 left on base; Tri-City 3 - Lowell 2 |
BOTTOM OF THE 3RD |
Lowell Spinners batting - Pitching for Tri-City ValleyCats : RHP Shitoshi Sai
|
Batting: SHB Salvador Padilla
|
0-0: Ball 1-0: Called Strike 1-1: Foul Ball, location: 2F 1-2: Ball 2-2: Ball 3-2: Foul Ball, location: 2F 3-2: Base on Balls
|
Batting: RHB Tony Gallegos
|
0-0: Ball 1-0: Called Strike 1-1: Fielders Choice at 2nd, 6-4 (Groundball, 6, EV 96.9 MPH)
|
Batting: RHB Mario Arriero
|
0-0: Ball 1-0: Called Strike 1-1: Ball 2-1: Grounds into double play, 4-6-3 (Groundball, 34, EV 81.9 MPH)
|
Bottom of the 3rd over - 0 runs, 0 hits, 0 errors, 0 left on base; Tri-City 3 - Lowell 2 |
TOP OF THE 4TH |
Tri-City ValleyCats batting - Pitching for Lowell Spinners : LHP Ken Berger
|
Batting: LHB Tomas de Zeeuw
|
0-0: Called Strike 0-1: Ball 1-1: SINGLE (Groundball, 4D, EV 95.0 MPH)
|
Batting: RHB Yoshitoshi Mori
|
0-0: Called Strike 0-1: Foul Ball, location: 2F 0-2: Foul Ball, location: 2F 0-2: Foul Ball, location: 2F 0-2: Ball 1-2: Ball 2-2: Foul Ball, location: 2F 2-2: Foul Ball, location: 2F 2-2: Foul Ball, location: 2F 2-2: Ball 3-2: Fly out, F7 (Flyball, 7D, EV 105.0 MPH)
|
Batting: RHB J.R. Roberts
|
0-0: Foul Ball, location: 2F 0-1: Fly out, F7 (Flyball, 78M, EV 86.2 MPH)
|
Batting: LHB Omar Marquez
|
0-0: Called Strike Tomas de Zeeuw is caught stealing 2nd base 2-6
|
Top of the 4th over - 0 runs, 1 hit, 0 errors, 0 left on base; Tri-City 3 - Lowell 2 |
BOTTOM OF THE 4TH |
Lowell Spinners batting - Pitching for Tri-City ValleyCats : RHP Shitoshi Sai
|
Batting: RHB Willie Camacho
|
0-0: Swinging Strike 0-1: Ball 1-1: Foul Ball, location: 2F 1-2: Ball 2-2: Strikes out swinging
|
Batting: RHB Mike Strey
|
0-0: Called Strike 0-1: Foul Ball, location: 2F 0-2: Strikes out swinging
|
Batting: LHB Robert Gonzalez
|
0-0: Ball 1-0: Called Strike 1-1: Ball 2-1: Foul Ball, location: 2F 2-2: Ball 3-2: Base on Balls
|
Batting: RHB Rogelio Cervantes
|
0-0: Ball 1-0: Fielders Choice at 2nd, 5-4 (Groundball, 56, EV 102.5 MPH)
|
Bottom of the 4th over - 0 runs, 0 hits, 0 errors, 1 left on base; Tri-City 3 - Lowell 2 |
TOP OF THE 5TH |
Tri-City ValleyCats batting - Pitching for Lowell Spinners : LHP Ken Berger
|
Batting: LHB Omar Marquez
|
0-0: Called Strike 0-1: Foul Ball, location: 2F 0-2: Foul Ball, location: 2F 0-2: Strikes out swinging
|
Batting: RHB Omar Amaya
|
0-0: Called Strike 0-1: Ball 1-1: Foul Ball, location: 2F 1-2: Ball 2-2: Foul Ball, location: 2F 2-2: Strikes out swinging
|
Batting: LHB Jackson Trottier
|
0-0: Called Strike 0-1: Swinging Strike 0-2: Ball 1-2: Foul Ball, location: 2F 1-2: Strikes out swinging
|
Top of the 5th over - 0 runs, 0 hits, 0 errors, 0 left on base; Tri-City 3 - Lowell 2 |
BOTTOM OF THE 5TH |
Lowell Spinners batting - Pitching for Tri-City ValleyCats : RHP Shitoshi Sai
|
Batting: RHB Aukukero Tairi
|
0-0: Called Strike 0-1: Foul Ball, location: 2F 0-2: Ground out 6-3 (Groundball, 6, EV 93.8 MPH)
|
Batting: RHB Xavier Joslin
|
0-0: Called Strike 0-1: Ball 1-1: Ball 2-1: Ball 3-1: Swinging Strike 3-2: Base on Balls
|
Batting: SHB Salvador Padilla
|
0-0: Ball 1-0: Ball 2-0: Swinging Strike 2-1: Foul Ball, location: 2F 2-2: Strikes out swinging
|
Batting: RHB Tony Gallegos
|
0-0: Ball 1-0: Ball Wild Pitch! Xavier Joslin to second 2-0: Ball 3-0: Base on Balls
|
Batting: RHB Mario Arriero
|
0-0: Ball 1-0: Ball 2-0: Ground out 4-3 (Groundball, 34, EV 102.5 MPH)
|
Bottom of the 5th over - 0 runs, 0 hits, 0 errors, 2 left on base; Tri-City 3 - Lowell 2 |
TOP OF THE 6TH |
Tri-City ValleyCats batting - Pitching for Lowell Spinners : LHP Ken Berger
|
Batting: RHB Erik Smith
|
0-0: Called Strike 0-1: Ball 1-1: Foul Ball, location: 2F 1-2: Ball 2-2: Strikes out swinging
|
Pitching: LHP Jose Andujar
|
|
Batting: RHB Dinand Brouwer
|
0-0: Swinging Strike 0-1: Ground out U3 (Groundball, 3, EV 106.9 MPH)
|
Batting: RHB Steve Moore
|
0-0: Called Strike 0-1: Ball 1-1: Ball 2-1: Ball 3-1: Fly out, F9 (Flyball, 89D, EV 102.5 MPH)
|
Top of the 6th over - 0 runs, 0 hits, 0 errors, 0 left on base; Tri-City 3 - Lowell 2 |
BOTTOM OF THE 6TH |
Lowell Spinners batting - Pitching for Tri-City ValleyCats : RHP Shitoshi Sai
|
Batting: RHB Willie Camacho
|
0-0: Called Strike 0-1: Ball 1-1: Ball 2-1: Ball 3-1: Base on Balls
|
Batting: RHB Mike Strey
|
0-0: Ball 1-0: Ball 2-0: Called Strike 2-1: Ball 3-1: Base on Balls Willie Camacho to second
|
Batting: LHB Robert Gonzalez
|
0-0: Called Strike 0-1: Called Strike 0-2: SINGLE (Groundball, 34D, EV 95.6 MPH) Willie Camacho to third Mike Strey to second Runner from 3rd tries for Home, SAFE, throw by RF to home
|
Batting: RHB Rogelio Cervantes
|
0-0: Ball 1-0: Called Strike 1-1: Ball 2-1: Swinging Strike 2-2: Ball 3-2: Foul Ball, location: 2F 3-2: Foul Ball, location: 2F 3-2: Base on Balls Mike Strey to third Robert Gonzalez to second
|
Pitching: RHP Addick Huiberts
|
|
Batting: RHB Aukukero Tairi
|
0-0: Ball 1-0: Ball 2-0: Ball 3-0: Base on Balls Mike Strey scores Robert Gonzalez to third Rogelio Cervantes to second
|
Batting: RHB Xavier Joslin
|
0-0: Ball 1-0: Ball 2-0: Ball 3-0: Base on Balls Robert Gonzalez scores Rogelio Cervantes to third Aukukero Tairi to second
|
Batting: SHB Salvador Padilla
|
0-0: Called Strike 0-1: Ball Wild Pitch! Rogelio Cervantes scores Aukukero Tairi to third Xavier Joslin to second 1-1: Foul Ball, location: 2F 1-2: Ball 2-2: Strikes out swinging
|
Batting: RHB Tony Gallegos
|
0-0: Called Strike 0-1: Fly out, F9 (Flyball, 9LS, EV 80.0 MPH)
|
Batting: RHB Mario Arriero
|
0-0: Ball 1-0: Ball 2-0: Called Strike 2-1: Ground out 6-3 (Groundball, 6, EV 85.6 MPH)
|
Bottom of the 6th over - 4 runs, 1 hit, 0 errors, 2 left on base; Tri-City 3 - Lowell 6 |
TOP OF THE 7TH |
Tri-City ValleyCats batting - Pitching for Lowell Spinners : LHP Jose Andujar
|
Batting: LHB Tomas de Zeeuw
|
0-0: Ball 1-0: Ball 2-0: Called Strike 2-1: Ground out 1-3 (Groundball, P, EV 68.8 MPH)
|
Batting: RHB Yoshitoshi Mori
|
0-0: Fly out, F5 (Popup, 6S, EV 66.9 MPH)
|
Batting: RHB J.R. Roberts
|
0-0: Foul Ball, location: 2F 0-1: Ball 1-1: Foul Ball, location: 2F 1-2: Strikes out looking
|
Top of the 7th over - 0 runs, 0 hits, 0 errors, 0 left on base; Tri-City 3 - Lowell 6 |
BOTTOM OF THE 7TH |
Lowell Spinners batting - Pitching for Tri-City ValleyCats : RHP Addick Huiberts
|
Batting: RHB Willie Camacho
|
0-0: Called Strike 0-1: Ball 1-1: Ball 2-1: Fly out, F5 (Popup, 56, EV 71.2 MPH)
|
Batting: RHB Mike Strey
|
0-0: Ball 1-0: Ball 2-0: Ball 3-0: Base on Balls
|
Batting: LHB Robert Gonzalez
|
0-0: Ball 1-0: Foul Ball, location: 2F 1-1: Ball 2-1: Ball 3-1: Base on Balls Mike Strey to second
|
Batting: RHB Rogelio Cervantes
|
0-0: Foul Ball, location: 2F 0-1: Foul Ball, location: 2F 0-2: Strikes out swinging
|
Batting: RHB Aukukero Tairi
|
0-0: Foul Ball, location: 2F 0-1: Ground out 5-3 (Groundball, 5S, EV 65.0 MPH)
|
Bottom of the 7th over - 0 runs, 0 hits, 0 errors, 2 left on base; Tri-City 3 - Lowell 6 |
TOP OF THE 8TH |
Tri-City ValleyCats batting - Pitching for Lowell Spinners : LHP Jose Andujar
|
Batting: LHB Omar Marquez
|
0-0: Foul Ball, location: 2F 0-1: Swinging Strike 0-2: Foul Ball, location: 2F 0-2: Strikes out swinging
|
Batting: RHB Omar Amaya
|
0-0: Ball 1-0: Ball 2-0: Called Strike 2-1: Ball 3-1: Called Strike 3-2: Foul Ball, location: 2F 3-2: Base on Balls
|
Pitching: RHP Tim Tucker
|
|
Batting: LHB Jackson Trottier
|
0-0: Called Strike 0-1: Swinging Strike 0-2: Ball 1-2: Strikes out looking
|
Batting: RHB Erik Smith
|
0-0: Called Strike 0-1: Called Strike 0-2: Foul Ball, location: 2F 0-2: Strikes out looking
|
Top of the 8th over - 0 runs, 0 hits, 0 errors, 1 left on base; Tri-City 3 - Lowell 6 |
BOTTOM OF THE 8TH |
Lowell Spinners batting - Pitching for Tri-City ValleyCats : RHP Addick Huiberts
|
Batting: RHB Xavier Joslin
|
0-0: Called Strike 0-1: Called Strike 0-2: Strikes out swinging
|
Batting: SHB Salvador Padilla
|
0-0: Ball 1-0: Foul Ball, location: 2F 1-1: Swinging Strike 1-2: Strikes out looking
|
Pitching: RHP Russ Greer
|
|
Batting: RHB Tony Gallegos
|
0-0: Called Strike 0-1: Ball 1-1: Ground out 5-3 (Groundball, 56S, EV 86.9 MPH)
|
Bottom of the 8th over - 0 runs, 0 hits, 0 errors, 0 left on base; Tri-City 3 - Lowell 6 |
TOP OF THE 9TH |
Tri-City ValleyCats batting - Pitching for Lowell Spinners : RHP Tim Tucker
|
Batting: RHB Dinand Brouwer
|
0-0: Ball 1-0: Called Strike 1-1: Called Strike 1-2: Ball 2-2: Ground out 5-3 (Groundball, 56, EV 80.0 MPH)
|
Batting: RHB Steve Moore
|
0-0: Foul Ball, location: 2F 0-1: Fly out, F8 (Flyball, 8RM, EV 84.4 MPH)
|
Batting: LHB Tomas de Zeeuw
|
0-0: Called Strike 0-1: Swinging Strike 0-2: Ball 1-2: Strikes out looking
|
Top of the 9th over - 0 runs, 0 hits, 0 errors, 0 left on base; Tri-City 3 - Lowell 6 |
|